 Dungeon Crawl Stone Soup version 0.27-a0-1502-g47ed6a6988 (webtiles) character file.

Game seed: 13789412084187789152

784 funkygono the Magician (level 8, -11/52 HPs)
             Began as a Djinni Fire Elementalist on July 9, 2021.
             Was an Initiate of Ashenzari.
             Mangled by an ogre (18 damage)
             ... on level 5 of the Dungeon.
             The game lasted 00:12:16 (6036 turns).

funkygono the Magician (Djinni Fire Elementalist)   Turns: 6036, Time: 00:12:17

Health: -11/52     AC:  5    Str: 13    XL:     8   Next: 11%
Gold:   210        EV: 13    Int: 19    God:    Ashenzari [......] SH:  0 Dex: 14

rFire    + + .     SeeInvis .   d - +0 short sword
rCold    x . .     Faith    .   (no shield)
rNeg     . . .     Spirit   .   a - +0 robe
rPois    ∞         Reflect  .   h - +1 helmet
rElec    .         Harm     .   (no cloak)
rCorr    .         Rampage  .   k - +0 pair of gloves
Will     .....                  (boots unavailable)
Stlth    ++........             (no amulet)
HPRegen  0.17/turn              l - +6 ring of strength
MPRegen  0.00/turn              (no ring)

@: flying, studying Spellcasting
A: sickness immunity, fire resistance 2, cold vulnerability 1, float, innate
caster, hp casting, extra vitality 1
a: Renounce Religion, Curse Item


You were on level 5 of the Dungeon.
You worshipped Ashenzari.
Ashenzari was noncommittal.
You visited 2 branches of the dungeon, and saw 6 of its levels.

You collected 210 gold pieces.

Inventory:

Hand Weapons
 d - a +0 short sword (weapon)
Missiles
 n - 2 throwing nets
Armour
 a - a +0 robe (worn)
 f - a +0 scale mail
 h - a +1 helmet (worn)
 k - a +0 pair of gloves (worn)
Jewellery
 e - a ring of see invisible
 l - a +6 ring of strength (left hand)
Wands
 g - a wand of flame (28)
Scrolls
 c - a scroll of blinking
Potions
 b - 2 potions of mutation
 i - a potion of heal wounds
 j - a potion of attraction
 m - a potion of might


   Skills:
 + Level 1.2 Fighting
 + Level 0.5 Short Blades
 + Level 3.5 Dodging
 - Level 1.5 Stealth
 + Level 6.9 Spellcasting


You couldn't memorise any spells.
You knew the following spells:

 Your Spells              Type           Power      Damage    Failure   Level
a - Foxfire               Conj/Fire      100%       2x1d9     1%          1
b - Conjure Flame         Conj/Fire      32%        6-21      1%          3
c - Inner Flame           Hex/Fire       32%        N/A       1%          3
d - Sticky Flame          Conj/Fire      32%        2d5       6%          4
e - Fireball              Conj/Fire      16%        3d8       17%         5
f - Sandblast             Erth           64%        2d14      1%          1
g - Wereblood             Tmut           32%        N/A       1%          2
h - Slow                  Hex            32%        N/A       1%          2
Your spell library was empty.

Dungeon Overview and Level Annotations

Branches:
Dungeon (5/15)             Temple (1/1) D:4

Altars:
Ashenzari
Cheibriados
Dithmenos
Elyvilon
Fedhas
Hepliaklqana
Makhleb
Nemelex Xobeh
Qazlal
Ru
Sif Muna
Uskayaw
Vehumet
Wu Jian
Xom
The Shining One

Shops:
D:4 [


Innate Abilities, Weirdness & Mutations

You are immune to sickness and miasma.
You are immune to poison.
Your flesh is very heat resistant. (rF++)
You are vulnerable to cold. (rC-)
You float through the air rather than walking.
You learn spells naturally, not from books.
Your magical power is your life essence.
You have superior vitality. (+4 HP)


Message History

Casting: Foxfire (safe; 1% risk of failure)
Confirm with . or Enter, or press ? or * to list all spells.
You conjure some foxfire!
Casting: Foxfire (safe; 1% risk of failure)
Confirm with . or Enter, or press ? or * to list all spells.
There is not enough space to conjure foxfire!
The gnoll shouts!
The foxfire hits the gnoll.
The gnoll is heavily wounded.
Casting: Foxfire (safe; 1% risk of failure)
Confirm with . or Enter, or press ? or * to list all spells.
You conjure some foxfire!
The foxfire hits the gnoll.
The gnoll is almost dead.
An ogre comes into view. It is wielding a +0 giant club.
The foxfire hits the gnoll.
You kill the gnoll!
Casting: Foxfire (safe; 1% risk of failure)
Confirm with . or Enter, or press ? or * to list all spells.
You conjure some foxfire!
The foxfire hits the ogre but does no damage.
The foxfire hits the ogre!
The ogre is moderately wounded.
Casting: Foxfire (safe; 1% risk of failure)
Confirm with . or Enter, or press ? or * to list all spells.
You conjure some foxfire!
The ogre hits you with a +0 giant club!!
The foxfire hits the ogre!
The ogre is heavily wounded.
The ogre misses you.
Casting: Foxfire (safe; 1% risk of failure)
Confirm with . or Enter, or press ? or * to list all spells.
You conjure some foxfire!
The ogre hits you with a +0 giant club!!
* * * LOW HITPOINT WARNING * * *
The foxfire hits the ogre!
The ogre is almost dead.
The foxfire hits the ogre.
The ogre is almost dead.
The ogre hits you with a +0 giant club!!
You die...

##............#
#####.###.....#
# #.# #....#####
### # #.#
#........# ... .
..#
#.######.###!# #
### #.# #.#...#
#.######.#.##>.#
#.##...§.O.# #
....###@##..#
........# #.#
...###### ...
#.# .# #


You could see an ogre.

Vanquished Creatures
  Grinder (D:3)
  A necrophage (D:4)
  A water moccasin zombie (D:5)
  A water moccasin skeleton (D:4)
  A howler monkey (D:4)
  An orc priest (D:4)
  A hound (D:4)
  A gnoll shaman (D:5)
  An iguana (D:4)
  An orc wizard (D:4)
  4 adders
  9 gnolls
  An ufetubus (D:5)
  A worm (D:2)
  2 dart slugs
  6 orcs
  6 ball pythons
  5 bats
  4 endoplasms
  A giant cockroach (D:4)
  6 hobgoblins
  11 jackals
  6 kobolds
  10 quokkas
  A frilled lizard (D:1)
  8 goblins
  5 rats
96 creatures vanquished.

Vanquished Creatures (others)
  307 foxfires
307 creatures vanquished.

Grand Total: 403 creatures vanquished

Notes
Turn   | Place    | Note
-------+----------+-------------------------------------------
     0 | D:1      | funkygono the Djinni Fire Elementalist began the quest for
                  | the Orb.
     0 | D:1      | Reached XP level 1. HP: 15/15 MP: 0/0
   224 | D:1      | Reached XP level 2. HP: 17/21 MP: 0/0
   348 | D:1      | Found a faded altar of an unknown god.
   435 | D:1      | Reached skill level 3 in Spellcasting
   674 | D:1      | Reached XP level 3. HP: 23/25 MP: 0/0
   674 | D:1      | Learned a level 1 spell: Sandblast
  1890 | D:2      | Reached XP level 4. HP: 26/31 MP: 0/0
  2746 | D:3      | Reached XP level 5. HP: 25/36 MP: 0/0
  2746 | D:3      | Learned a level 2 spell: Wereblood
  2882 | D:3      | Reached skill level 4 in Spellcasting
  3072 | D:3      | Noticed Grinder
  3082 | D:3      | Killed Grinder
  3083 | D:3      | Reached skill level 1 in Fighting
  3083 | D:3      | Reached XP level 6. HP: 17/42 MP: 0/0
  3564 | D:3      | Reached skill level 5 in Spellcasting
  3930 | D:4      | Found Wetuipry's Armour Shoppe.
  3938 | D:4      | Found a staircase to the Ecumenical Temple.
  3966 | Temple   | Entered the Ecumenical Temple
  4095 | Temple   | Became a worshipper of Ashenzari the Shackled
  4271 | D:4      | Found a glowing golden altar of the Shining One.
  4445 | D:4      | Reached XP level 7. HP: 44/47 MP: 0/0
  4445 | D:4      | Learned a level 2 spell: Slow
  4882 | D:4      | Identified a scroll of acquirement
  5113 | D:4      | Reached skill level 6 in Spellcasting
  5481 | D:4      | Acquired a manual of Spellcasting
  5521 | D:5      | Entered Level 5 of the Dungeon
  5678 | D:5      | Reached XP level 8. HP: 28/52 MP: 0/0
  6036 | D:5      | Mangled by an ogre

Illustrated notes

Levels and vault maps discovered:
D:1:      lemuel_arrival_rhombus, layout_basic, basic_ecumenical_altar
D:2:      layout_basic, hangedman_decor_opposing
D:3:      layout_loops_ring, kennysheep_generic_room_11, uniq_grinder
D:4:      kb_forest_paths, layout_basic, general_overflow_altar,
          minmay_temple_entry_glass, serial_shops, nicolae_shop_behind_doors,
          minivault_26, minmay_tree_intersection, st_stairs_5, minivault_24
D:5:      layout_loops_corners, okawaru_ov_weapons_minmay,
          kiku_gazebo_pond_becter, lemuel_mausoleum_altar_yredelemnul,
          serial_shops, shop, minivault_24, grunt_decor_one_mirror, st_stairs_7,
          uniq_edmund
Temple:   regret_index_temple_waves

Skill      XL: |  1  2  3  4  5  6  7 |
---------------+----------------------+-----
Spellcasting   | 3 4 5 6 |  6.9
Fighting       | 1 |  1.2
Dodging        | 3 |  3.5
Short Blades   | |  0.5
Stealth        | |  1.5

Action                   |  1- 3 |  4- 6 |  7- 9 || total
-------------------------+-------+-------+-------++-------
Melee: Short sword       |     6 |       |       ||     6
 Cast: Foxfire           |    60 |    65 |    61 ||   186
       Sandblast         |     3 |    21 |     7 ||    31
       Slow              |       |       |     1 ||     1
  Use: Scroll            |     2 |     2 |     2 ||     6
Armor: Robe              |     9 |     1 |     4 ||    14
Dodge: Dodged            |    29 |     5 |    26 ||    60

Table legend: (Time is in decaauts)
 A = Elapsed time spent in this place.
 B = Non-inter-level travel time spent in this place.
 C = Inter-level travel time spent in this place.
 D = Time resting spent in this place.
 E = Time spent auto-exploring this place.
 F = Levels seen in this place.
 G = Mean time per level.
                   A        B        C        D        E       F      G
               +--------+--------+--------+--------+--------+-----+--------+
         Total |   6034 |   5777 |    257 |    290 |   4587 |   6 | 1005.7 |
       Dungeon |   5874 |   5642 |    232 |    290 |   4570 |   5 | 1174.8 |
        Temple |    159 |    134 |     25 |      0 |     17 |   1 |  159.0 |
               +--------+--------+--------+--------+--------+-----+--------+

Top non-repeatable levels by time:
     D:4: 1566 daAuts
     D:1: 1482 daAuts
     D:3: 1155 daAuts
     D:2: 1154 daAuts
     D:5: 514 daAuts
  Temple: 159 daAuts
